 Dungeon Crawl Stone Soup version 0.29.1-15-g9cfb28693d (webtiles) character file.

Game seed: 10090038666050684648

61542 promet the Covert (level 14, -26/62 HPs)
             Began as a Spriggan Brigand on Mar 10, 2023.
             Was a High Priest of Makhleb.
             Annihilated by an orc knight
             ... wielding a +0 great sword
              (35 damage)
             ... on level 2 of the Orcish Mines on Mar 12, 2023.
             The game lasted 06:16:24 (41669 turns).

promet the Covert (Spriggan Brigand)               Turns: 41669, Time: 06:16:24

Health: -26/62     AC: 10    Str: 17    XL:     14   Next: 61%
Magic:  31/31      EV: 28    Int:  9    God:    Makhleb [*****.]
Gold:   732        SH: 15    Dex: 21    Spells: 28/37 levels left

rFire   + . .      SeeInvis +   c - +9 quick blade (flame)
rCold   + . .      Faith    .   i - +2 buckler
rNeg    . . .      Spirit   .   P - +1 steam dragon scales
rPois   +          Reflect  +   q - +2 hat
rElec   .          Harm     .   X - +1 cloak
rCorr   .          Rampage  .   (gloves unavailable)
Will    ++...      Clarity  +   (boots unavailable)
Stlth   ++++++.... Rnd*Tele +   T - amulet of reflection
HPRegen 0.00/turn               s - +6 ring of strength
MPRegen 0.22/turn               D - +4 ring of evasion

@: about to teleport, inhibited regen, studying Stealth, very quick
A: very small, no large weapons, unfitting armour, see invisible, speed 3,
hooves 1, clarity, cold resistance 1, dopey 1, fire resistance 1, frail 1,
poison resistance, inhibited regeneration, strong 1, teleportitis 1
a: Renounce Religion, Minor Destruction, Lesser Servant of Makhleb, Major
Destruction, Greater Servant of Makhleb


You were on level 2 of the Orcish Mines.
You worshipped Makhleb.
Makhleb was extremely pleased with you.
You visited 3 branches of the dungeon, and saw 19 of its levels.

You collected 1402 gold pieces.
You spent 670 gold pieces at shops.

Inventory:

Hand Weapons
 a - the +6 rapier of the Loving Mosquito {venom, Contam rN+ Str+3, S T I N G}
   (You acquired it on level 9 of the Dungeon)

   It poisons the flesh of those it strikes.
   Str:       It affects your strength (+3).
   rN:        It protects you from negative energy.
   Contam:    It causes magical contamination when unequipped.
 b - a +2 sling of freezing
 c - a +9 quick blade of flaming (weapon)
 p - the +5 mace "Hiedwacew" {vorpal, Fragile rF+ Will+}
   (You found it on level 8 of the Dungeon)

   It inflicts extra damage upon your enemies.
   rF:        It protects you from fire.
   Fragile:   It will be destroyed if unequipped.
   Will:      It increases your willpower.
 y - a +0 trident of flaming
Missiles
 d - 40 poisoned darts
 h - 203 stones
 C - 2 throwing nets
 G - 18 boomerangs (quivered)
 O - 15 curare-tipped darts
Armour
 i - a +2 buckler (worn)
 q - a +2 hat (worn)
 v - the +1 robe of Beyond {*Slow rF+ rC+ Int+5}
   (You found it on level 11 of the Dungeon)

   Int:       It affects your intelligence (+5).
   rF:        It protects you from fire.
   rC:        It protects you from cold.
   *Slow:     It may slow you when you take damage.
 P - +1 steam dragon scales (worn)
 X - a +1 cloak (worn)
Magical Staves
 m - a staff of poison
Jewellery
 n - a ring of resist corrosion
 o - an amulet of regeneration
 s - a +6 ring of strength (left hand)
 t - a ring of magical power
 D - a +4 ring of evasion (right hand)
 S - a ring of willpower
 T - an amulet of reflection (around neck)
 U - a ring of protection from cold
 V - a ring of willpower
 W - a ring of fire
Wands
 E - a wand of iceblast (15)
 H - a wand of charming (3)
 J - a wand of flame (16)
 L - a wand of digging (8)
 Y - a wand of polymorph (12)
Scrolls
 e - 4 scrolls of identify
 k - 5 scrolls of teleportation
 l - a scroll of brand weapon
 w - a scroll of poison
 x - 2 scrolls of blinking
 M - 2 scrolls of butterflies
 Q - 2 scrolls of amnesia
Potions
 g - 2 potions of magic
 j - a potion of haste
 r - a potion of invisibility
 u - 4 potions of lignification
 z - 4 potions of ambrosia
 A - a potion of attraction
 F - 9 potions of brilliance
 I - 6 potions of curing
 K - 2 potions of might
 N - a potion of resistance
 Z - 4 potions of berserk rage


   Skills:
 + Level 5.7 Fighting
 + Level 9.2 Short Blades
 + Level 6.6 Ranged Weapons
 + Level 4.8 Throwing
 + Level 0.1 Armour
 + Level 9.8 Dodging
 + Level 13.7 Stealth
 + Level 3.9 Shields
 + Level 12.4 Spellcasting
 + Level 3.8 Conjurations
 + Level 2.2 Necromancy
 + Level 7.0 Translocations
 + Level 5.3 Fire Magic
 + Level 6.4 Air Magic
 + Level 8.0 Poison Magic
 * Level 7.7 Invocations
 + Level 4.2 Evocations


You had 28 spell levels left.
You knew the following spells:

 Your Spells              Type           Power      Damage    Failure   Level
a - Foxfire               Conj/Fire      52%        2x1d6     3%          1
b - Poisonous Vapours     Pois/Air       36%        N/A       1%          2
c - Conjure Flame         Conj/Fire      13%        6-21      11%         3
d - Necrotise             Necr           36%        1d5       10%         1
e - Blink                 Tloc           36%        N/A       1%          2

Your spell library contained the following spells:

 Spells                   Type           Power      Damage    Failure   Level
 Passage of Golubria      Tloc           18%        N/A       12%         4
 Inner Flame              Hex/Fire       10%        N/A       22%         3
 Corpse Rot               Necr/Pois/Air  15%        N/A       22%         4
 Vampiric Draining        Necr           9%         2d6       28%         3
 Flame Wave               Conj/Fire      13%        2d6       34%         4
 Manifold Assault         Tloc           18%        N/A       34%         5
 Dispel Undead            Necr           9%         3d8       67%         4
 Hailstorm                Conj/Ice       9%         3d4       71%         4
 Silence                  Hex/Air        5%         N/A       86%         5
 Ice Form                 Ice/Tmut       5%         N/A       92%         4
 Agony                    Necr           9%         N/A       95%         5
 Death Channel            Necr           4%         N/A       100%        6
 Simulacrum               Ice/Necr       3%         N/A       100%        6
 Storm Form               Tmut/Air       5%         N/A       100%        7
 Borgnjor's Revivificati  Necr           4%         N/A       100%        8
 Lehudib's Crystal Spear  Conj/Erth      4%         10d3      100%        8
 Necromutation            Tmut/Necr      3%         N/A       100%        8
 Death's Door             Necr           4%         N/A       100%        9


Dungeon Overview and Level Annotations

Branches:
Dungeon (12/15)            Temple (0/1) D:6            Lair (5/5) D:9
  Swamp (0/4) Lair:3        Snake (0/4) Lair:3        Slime (0/5) Lair:4
    Orc (2/2) D:11            Elf (0/3) Orc:2

Altars:
Ashenzari
Hepliaklqana
Makhleb
Nemelex Xobeh
Sif Muna
Trog
Vehumet
Wu Jian
Yredelemnul
Zin

Shops:
D:1 ==[?   D:9 =

Annotations:
D:5 1 runed translucent door, hawla's ghost, novice MeFE
Lair:4 exclusion: 4 oklob plants
Lair:5 1 runed translucent door


Innate Abilities, Weirdness & Mutations

You are very small and have problems with some larger weapons.
You are too small for most types of armour.
You have supernaturally acute eyesight. (SInv)
You cover ground extremely quickly. (Speed+++)
You have large cloven feet.
You possess an exceptional clarity of mind.
Your flesh is cold resistant. (rC+)
You are dopey. (Int -2)
Your flesh is heat resistant. (rF+)
You are frail. (-10% HP)
Your system is resistant to poisons. (rPois)
You do not regenerate when monsters are visible.
Your muscles are strong. (Str +4, Int/Dex -1)
You are occasionally teleported next to monsters.


Message History

The orc warlord roars a battlecry!
The orcs go into a battle-frenzy!
An orc comes into view. It is wielding a +0 hand axe.
The orc priest casts a cantrip, but nothing happens.
The warg bites you!
The orc shouts!
The warg bites you.
An orc wizard comes into view. It is wielding a +0 dagger.
You can move again.
As you read the scroll of teleportation, it crumbles to dust.
You feel strangely unstable. You block the warg's attack.
The orc priest calls down the wrath of Beogh upon you.
Beogh smites you!
* * * LOW HITPOINT WARNING * * *
Okay, then.
Blink to where?
Press: ? - help, Dir - move target An orc knight, an orc and an orc warrior come into view.
As you read the scroll of blinking, it crumbles to dust.
The orc warrior no longer looks unusually strong.
The orc warlord roars a battlecry!
The orcs go into a battle-frenzy!
An ogre comes into view. It is wielding a +0 giant spiked club.
The orc throws a boomerang.
The boomerang completely misses you.
You hear a shout!
The ogre shouts!
You hit the orc knight but do no damage.
You kick the orc knight.
The orc knight is lightly wounded.
You hear a shout!
You hit the orc knight. You burn the orc knight.
The orc knight is lightly wounded.
The orc throws a boomerang.
You reflect the boomerang off an invisible shield around you!
The boomerang hits the orc.
The orc sorcerer casts a spell.
The orc warlord roars a battlecry!
The orc knight goes into a battle-frenzy!
The orc knight hits you with a +0 great sword!!
Ouch! That really hurt!
You die...

......o...#..........
...........h.........
.........o#o#O.#....#
..o.....ooo..4.......
.....o.<.T.oo........
......#.o.To.o.......
....o..#..)o....#....
......##.......#.....
$.....#....@.........
..........o.).o......
............)........
#..............o....
.................
....#............
.............O...
.................
$............<...


You could see an orc warlord, an orc knight (strong), an orange demon
(summoned), 2 trolls, a warg, an orc sorcerer (strong), 4 orc warriors, 2 ogres,
an orc priest (strong), an orc wizard (strong) and 6 orcs.

Vanquished Creatures
  Kirke (D:12)
  Gastronok (D:9)
  An orc warlord (Orc:1)
  4 hydras
  3 boulder beetles
  2 two-headed ogres (D:10)
  5 death yaks
  Urug (Lair:5)
  A fire crab (Lair:1)
  A deep elf pyromancer (D:12)
  2 lindwurms (Lair:5)
  An orc knight (D:9)
  An ugly thing (D:12)
  3 elephants
  3 black mambas
  20 cane toads
  6 torpor snails
  An unseen horror (D:11)
  3 unseen horror zombies (D:8)
  10 komodo dragons
  2 ice devils (Lair:4)
  2 rime drakes (Lair:1)
  7 hornets (Lair:5)
  9 polar bears
  3 tyrant leeches (Lair:5)
  3 trolls
  5 dream sheep
  4 raiju (Lair:5)
  13 blink frogs
  6 slime creatures (D:12)
  3 wraiths
  7 wyverns
  42 yaks
  2 shadows
  Eustachio (D:6)
  2 hogs (D:12)
  4 basilisks
  5 steam dragons
  4 vampire mosquitoes
  4 wargs (Lair:5)
  4 nagas (Lair:3)
  Duvessa (D:4)
  15 water moccasins
  13 hell hounds (Lair:5)
  13 orc warriors
  9 black bears (Lair:5)
  4 ogres
  20 wolves
  A hornet zombie (D:8)
  3 centaurs
  2 phantoms
  4 kobold brigands
  8 bullfrogs
  A gnoll sergeant (D:8)
  Blork the orc (D:4)
  A necrophage (D:5)
  5 scorpions
  2 wyvern zombies (D:8)
  5 wights (D:10)
  Dowan (D:4)
  4 killer bees (D:5)
  An electric eel (Lair:2)
  2 howler monkeys
  A lava snake (D:8)
  4 hounds
  5 jellies
  A gnoll bouda (D:6)
  7 orc priests
  An iguana (D:6)
  19 orc wizards
  4 hell rats (Lair:1)
  A killer bee zombie (D:8)
  2 howler monkey zombies (D:8)
  18 gnolls
  11 adders
  A shadow imp (D:6)
  3 white imps
  An ufetubus (D:7)
  4 worms
  85 orcs
  7 endoplasms
  2 giant cockroaches (D:3)
  5 goblins
  8 hobgoblins
  2 jackals (D:1)
  3 quokkas (D:3)
  7 ball pythons
  4 bats
  4 frilled lizards
  27 kobolds
  9 rats
  2 foxfires (D:9)
566 creatures vanquished.

Vanquished Creatures (collateral kills)
  A hydra (Lair:4)
  A kobold demonologist (D:11)
  2 yaks (Lair:2)
  An orc warrior (Orc:2)
  2 black bears (Lair:5)
  A centaur (D:11)
  A wolf (Lair:3)
  3 hell rats (Lair:1)
  An orc (Orc:2)
  2 foxfires (Lair:4)
15 creatures vanquished.

Vanquished Creatures (others)
  A human (D:12)
  658 foxfires
  36 fungi
  129 plants
824 creatures vanquished.

Grand Total: 1405 creatures vanquished

Notes
Turn   | Place    | Note
-------+----------+-------------------------------------------
     0 | D:1      | promet the Spriggan Brigand began the quest for the Orb.
     0 | D:1      | Reached XP level 1. HP: 10/10 MP: 2/2
    40 | D:1      | Reached skill level 6 in Stealth
   220 | D:1      | Found Fenetu's Jewellery Shop.
   254 | D:1      | Reached XP level 2. HP: 3/14 MP: 3/3
   732 | D:1      | Found Rynogytu's Antique Armour Shoppe.
   863 | D:1      | Found Cokoqam's Magic Scroll Emporium.
  1066 | D:1      | Bought a scroll of identify for 26 gold pieces
  1067 | D:1      | Bought a scroll of identify for 26 gold pieces
  1068 | D:1      | Bought a scroll of identify for 26 gold pieces
  1069 | D:1      | Bought a scroll of teleportation for 39 gold pieces
  1134 | D:1      | Found a faded altar of an unknown god.
  1544 | D:1      | Found Qoschi's Jewellery Shop.
  1604 | D:1      | Reached XP level 3. HP: 18/18 MP: 4/4
  1729 | D:2      | Reached skill level 7 in Stealth
  2214 | D:2      | Learned a level 1 spell: Foxfire
  2628 | D:2      | Reached XP level 4. HP: 20/23 MP: 5/5
  2826 | D:3      | Found a glowing drain.
  3092 | D:3      | Reached skill level 1 in Evocations
  3413 | D:3      | Reached skill level 1 in Spellcasting
  3521 | D:3      | Reached XP level 5. HP: 26/26 MP: 7/7
  3548 | D:3      | Identified the +1 robe of Koaluje {+Inv Will+ Dex+4}
  4163 | D:4      | Identified a scroll of acquirement
  4163 | D:4      | Acquired a +7 quick blade
  4245 | D:4      | Noticed Duvessa
  4454 | D:4      | Killed Duvessa
  4455 | D:4      | Reached skill level 1 in Fire Magic
  4455 | D:4      | Reached XP level 6. HP: 25/30 MP: 10/10
  4491 | D:4      | Found a bloodstained altar of Trog.
  4578 | D:4      | Found a broken altar of Ashenzari.
  4784 | D:4      | Noticed Dowan
  4784 | D:4      | Noticed Blork the orc
  4879 | D:4      | Killed Blork the orc
  4880 | D:4      | Reached skill level 1 in Conjurations
  5062 | D:4      | Found a shimmering blue altar of Sif Muna.
  5076 | D:4      | Killed Dowan
  5192 | D:4      | Got Sif Muna's Lectures on the Stinger
  5330 | D:4      | Noticed an orc warrior
  5484 | D:4      | Reached XP level 7. HP: 25/35 MP: 12/12
  5830 | D:4      | Reached skill level 1 in Poison Magic
  6227 | D:4      | Reached skill level 8 in Stealth
  6407 | D:5      | Entered Level 5 of the Dungeon
  6519 | D:5      | Reached skill level 5 in Short Blades
  6519 | D:5      | Reached skill level 1 in Shields
  6665 | D:5      | Reached XP level 8. HP: 39/39 MP: 13/13
  6708 | D:5      | Found a hazy altar of Hepliaklqana.
  6708 | D:5      | Found a burning altar of Makhleb.
  6722 | D:5      | Became a worshipper of Makhleb the Destroyer
  7217 | D:5      | Noticed hawla's ghost (novice MeFE)
  7220 | D:5      | Found a runed translucent door.
  7930 | D:6      | Found a staircase to the Ecumenical Temple.
  8663 | D:6      | Reached skill level 9 in Stealth
  8682 | D:6      | Learned a level 2 spell: Poisonous Vapours
  8855 | D:6      | Noticed Eustachio
  8866 | D:6      | Killed Eustachio
  8867 | D:6      | Reached skill level 1 in Ranged Weapons
  8867 | D:6      | Reached skill level 1 in Air Magic
  8994 | D:6      | Reached XP level 9. HP: 43/43 MP: 14/14
  9180 | D:1      | Bought a runed robe for 85 gold pieces
  9393 | D:6      | Reached * piety under Makhleb
 10322 | D:8      | Reached skill level 10 in Stealth
 10476 | D:8      | Reached skill level 5 in Dodging
 10877 | D:8      | Reached XP level 10. HP: 43/49 MP: 16/16
 10884 | D:8      | Reached ** piety under Makhleb
 10902 | D:8      | Found a basalt altar of Yredelemnul.
 11200 | D:8      | Identified the +5 mace "Hiedwacew" {vorpal, Fragile rF+
                  | Will+}
 11687 | D:8      | Found a radiant altar of Vehumet.
 11687 | D:8      | Found a glowing silver altar of Zin.
 11862 | D:9      | Found a sparkling altar of Nemelex Xobeh.
 11909 | D:9      | Found a runed translucent door.
 12118 | D:9      | Reached skill level 1 in Invocations
 12393 | D:9      | Acquired the +6 rapier of the Loving Mosquito {venom,
                  | Contam rN+ Str+3}
 12441 | D:9      | Found Gegynnok's Jewellery Shop.
 12486 | D:9      | Found a staircase to the Lair.
 12525 | D:9      | Noticed Gastronok
 12748 | D:9      | Killed Gastronok
 12749 | D:9      | Reached skill level 5 in Spellcasting
 13193 | D:9      | Found an ornate altar of the Wu Jian Council.
 13349 | D:9      | Gained mutation: Your spells are a little easier to cast,
                  | but a little less powerful. [mutagenic glow]
 13402 | D:9      | Noticed an orc knight
 13621 | D:9      | Reached *** piety under Makhleb
 13805 | D:9      | Reached skill level 5 in Ranged Weapons
 13930 | D:9      | Killed an orc knight
 14454 | D:10     | Entered Level 10 of the Dungeon
 14814 | D:10     | Noticed a two-headed ogre
 14870 | D:10     | Killed a two-headed ogre
 15206 | D:10     | Reached XP level 11. HP: 53/53 MP: 20/20
 15674 | D:11     | Noticed a boulder beetle
 15750 | D:11     | Reached skill level 5 in Poison Magic
 16080 | D:11     | Noticed a boulder beetle
 16152 | D:11     | Noticed a two-headed ogre
 16260 | D:10     | Killed a two-headed ogre
 16419 | D:11     | Identified the +1 robe of Beyond {*Slow rF+ rC+ Int+5}
 16590 | D:11     | Killed a boulder beetle
 16842 | D:11     | Gained mutation: You occasionally lose the ability to read
                  | scrolls when taking damage. [mutagenic glow]
 16969 | D:11     | Gained mutation: You have large cloven feet. [mutagenic
                  | glow]
 16978 | D:11     | Killed a boulder beetle
 17192 | D:11     | Reached **** piety under Makhleb
 17325 | D:11     | Gained mutation: Armour fits poorly on your strangely
                  | shaped body. [mutagenic glow]
 17555 | D:11     | Gained mutation: You do not regenerate when monsters are
                  | visible. [mutagenic glow]
 17975 | D:8      | Lost mutation: Your spells are a little easier to cast, but
                  | a little less powerful. [potion of mutation]
 17975 | D:8      | Lost mutation: You occasionally lose the ability to read
                  | scrolls when taking damage. [potion of mutation]
 17975 | D:8      | Gained mutation: Your spells are a little easier to cast,
                  | but a little less powerful. [potion of mutation]
 17975 | D:8      | Gained mutation: You are frail. (-10% HP) [potion of
                  | mutation]
 17975 | D:8      | Gained mutation: You have a pair of small horns on your
                  | head. [potion of mutation]
 17976 | D:8      | Lost mutation: You are frail. (-10% HP) [potion of
                  | mutation]
 17976 | D:8      | Lost mutation: Your spells are a little easier to cast, but
                  | a little less powerful. [potion of mutation]
 17976 | D:8      | Gained mutation: You possess an exceptional clarity of
                  | mind. [potion of mutation]
 17976 | D:8      | Gained mutation: You have hidden genetic potential. [potion
                  | of mutation]
 17985 | D:9      | Lost mutation: You do not regenerate when monsters are
                  | visible. [potion of mutation]
 17985 | D:9      | Lost mutation: Armour fits poorly on your strangely shaped
                  | body. [potion of mutation]
 17985 | D:9      | Gained mutation: You occasionally lose the ability to read
                  | scrolls when taking damage. [potion of mutation]
 17985 | D:9      | Gained mutation: Your flesh is heat resistant. (rF+)
                  | [potion of mutation]
 17986 | D:9      | Lost mutation: You occasionally lose the ability to read
                  | scrolls when taking damage. [potion of mutation]
 17986 | D:9      | Lost mutation: You have a pair of small horns on your head.
                  | [potion of mutation]
 17986 | D:9      | Gained mutation: Your mind is acute. (Int +4, Str/Dex -1)
                  | [potion of mutation]
 17986 | D:9      | Gained mutation: Your system is resistant to poisons.
                  | (rPois) [potion of mutation]
 18011 | D:9      | Learned a level 3 spell: Conjure Flame
 18068 | D:11     | Found a staircase to the Orcish Mines.
 18246 | D:11     | Reached skill level 5 in Air Magic
 18431 | Lair:1   | Entered Level 1 of the Lair of Beasts
 18469 | Lair:1   | Reached skill level 11 in Stealth
 19038 | Lair:1   | Reached skill level 5 in Invocations
 19277 | Lair:1   | Noticed a fire crab
 19374 | Lair:1   | Learned a level 1 spell: Necrotise
 19634 | Lair:1   | Killed a fire crab
 19635 | Lair:1   | Reached XP level 12. HP: 36/58 MP: 11/25
 20947 | Lair:1   | Lost mutation: Your mind is acute. (Int +4, Str/Dex -1)
                  | [mutagenic glow]
 21819 | Lair:2   | Learned a level 2 spell: Blink
 22872 | Lair:1   | Lost mutation: Your flesh is heat resistant. (rF+)
                  | [mutagenic glow]
 24023 | Lair:3   | Gained mutation: You are frail. (-10% HP) [mutagenic glow]
 24264 | Lair:2   | Reached skill level 5 in Fighting
 24403 | Lair:3   | Reached skill level 1 in Necromancy
 24437 | Lair:3   | Reached skill level 12 in Stealth
 24571 | Lair:3   | Found a staircase to the Swamp.
 24883 | Lair:3   | Found a staircase to the Snake Pit.
 25521 | Lair:4   | Gained mutation: You do not regenerate when monsters are
                  | visible. [mutagenic glow]
 25641 | Lair:4   | Noticed a five-headed hydra
 26078 | Lair:4   | Killed a five-headed hydra
 26079 | Lair:4   | Reached skill level 1 in Translocations
 26079 | Lair:4   | Reached XP level 13. HP: 31/56 MP: 27/27
 26478 | Lair:4   | Found a staircase to the Slime Pits.
 28362 | Lair:5   | Entered Level 5 of the Lair of Beasts
 28370 | Lair:5   | Reached skill level 10 in Spellcasting
 28392 | Lair:4   | Gained mutation: You are occasionally teleported next to
                  | monsters. [mutagenic glow]
 28474 | Lair:4   | Gained mutation: Your muscles are strong. (Str +4, Int/Dex
                  | -1) [hidden potential]
 28586 | Lair:5   | Noticed Urug
 28711 | Lair:5   | Killed Urug
 31510 | Lair:5   | Reached skill level 5 in Translocations
 31513 | Lair:5   | Reached skill level 5 in Fire Magic
 31743 | Lair:5   | Found a runed translucent door.
 31743 | Lair:5   | Noticed a fire dragon
 32622 | Lair:5   | Paralysed by a hornet for 2 turns
 32728 | Lair:5   | Gained mutation: Your flesh is heat resistant. (rF+)
                  | [mutagenic glow]
 34107 | Lair:5   | Reached XP level 14. HP: 61/61 MP: 24/30
 34290 | Lair:5   | Reached ***** piety under Makhleb
 35137 | Lair:4   | Gained mutation: You are dopey. (Int -2) [mutagenic glow]
 35343 | Lair:4   | Gained mutation: Your flesh is cold resistant. (rC+)
                  | [hidden potential]
 35343 | Lair:4   | Lost mutation: You have hidden genetic potential. [hidden
                  | potential expressed]
 37808 | Orc:1    | Entered Level 1 of the Orcish Mines
 37808 | Orc:1    | Noticed an orc warlord
 38952 | D:1      | Bought a +4 ring of evasion for 468 gold pieces
 39720 | D:12     | Noticed Kirke
 39729 | D:12     | Killed Kirke
 39730 | D:12     | Reached skill level 13 in Stealth
 41252 | Orc:1    | Killed an orc warlord
 41602 | Orc:2    | Entered Level 2 of the Orcish Mines
 41602 | Orc:2    | Found a staircase to the Elven Halls.
 41643 | Orc:2    | Noticed an orc warlord
 41662 | Orc:2    | Paralysed by an orc sorcerer for 3 turns
 41669 | Orc:2    | Annihilated by an orc knight

Illustrated notes

Levels and vault maps discovered:
D:1:      wander_arrival_desolate, layout_basic, serial_shops, shop_coins,
          nicolae_shop_crystal, nicolae_lakefront_shop, shop,
          hellmonk_ecumenical_altar_inner_sanctum, nrook_loot_triangle,
          chequers_decorated_corner
D:2:      layout_basic
D:3:      layout_loops_ring, portal_sewer_entry_f, serial_glass,
          glass_columns_a, glass_columns_a, glass_columns_c, glass_columns_c,
          glass_columns_a, glass_columns_b, minmay_strange_pillars,
          item_on_display_b, st_stairs_14, grunt_ministairs_14
D:4:      layout_cave_pools, nzn_overflow_gifts_of_might_and_magic,
          ashenzari_conservatory_becter, minmay_misc_feat_rows,
          kennysheep_generic_room_6, uniq_blork_the_orc
D:5:      layout_loops_ring, chequers_temple_overflow_statue_of_worship,
          hellmonk_ghost_happy_afterlife, hangedman_decor_growths
D:6:      layout_cave_pools, temple_hall, uniq_eustachio
D:7:      layout_cave_pools, minmay_manual_mess
D:8:      layout_loops_corners, nicolae_overflow_two_pavilions,
          nicolae_yredelemnul_corpse_copse
D:9:      layout_cave_pools, pdpol_wu_jian_five_deadly_venoms,
          mainiacjoe_overflow_boulevard, lair_entry_dummy, serial_shops,
          kennysheep_little_box, lightli_church_of_beogh, uniq_gastronok
D:10:     layout_long_grid
D:11:     layout_loops_cross, hiddenorc1_lemuel, kennysheep_path_1, st_stairs_13
D:12:     layout_basic, uniq_kirke
Lair:1:   layout_regular_city, minmay_shattered_shrine, lemuel_fruit_fields
Lair:2:   layout_regular_city, grunt_megastairs_2, infiniplex_staircase_pool_2,
          serial_bayou_shore_a, lemuel_fruit_fields
Lair:3:   layout_chaotic_city, swamp_mist, minmay_snake_entry_guardpost_small
Lair:4:   minmay_lair_oklob_chamber, layout_gridlike,
          nicolae_slime_entry_slimehenge, portal_ice_cave_demonic_guard
Lair:5:   wormcave, layout_misc_corridors, hangedman_lair_caniforms_friends,
          hangedman_lair_unloving_vines, uniq_urug
Orc:1:    layout_caves, ebering_ghost_gozag
Orc:2:    st_orc_ogre_mass, layout_caves

Skill      XL: |  1  2  3  4  5  6  7  8  9 10 11 12 13 14 |
---------------+-------------------------------------------+-----
Stealth        | 6 7 8 9 10 11 12 13 | 13.7
Dodging        | 2 3 4 5 6 7 8 9 |  9.8
Short Blades   | 3 5 6 7 8 9 |  9.2
Evocations     | 1 2 3 4 |  4.2
Spellcasting   | 1 2 3 5 8 9 11 12 | 12.4
Fighting       | 2 3 4 5 |  5.7
Fire Magic     | 1 2 4 5 |  5.3
Conjurations   | 1 2 3 |  3.8
Poison Magic   | 2 3 4 6 7 8 |  8.0
Shields        | 1 2 3 |  3.9
Throwing       | 3 4 |  4.8
Ranged Weapons | 2 4 5 6 |  6.6
Air Magic      | 1 3 4 5 6 |  6.4
Invocations    | 3 5 6 7 |  7.7
Necromancy     | 1 2 |  2.2
Translocations | 1 6 7 |  7.0
Armour         | |  0.1

Action                   |  1- 3 |  4- 6 |  7- 9 | 10-12 | 13-15 || total
-------------------------+-------+-------+-------+-------+-------++-------
Melee: Dagger            |   112 |    99 |       |       |       ||   211
       Quick blade       |       |    73 |   338 |   331 |   558 ||  1300
       Punch             |       |       |     2 |     5 |       ||     7
       Rapier            |       |       |       |   265 |   163 ||   428
       Kick              |       |       |       |   166 |   299 ||   465
       Scimitar          |       |       |       |     6 |       ||     6
       Staff             |       |       |       |     3 |       ||     3
 Fire: Sling             |       |       |    21 |    34 |    91 ||   146
       Shortbow          |       |       |    35 |    37 |       ||    72
Throw: Dart              |     1 |    10 |    20 |     5 |       ||    36
       Stone             |     4 |     3 |     6 |     2 |       ||    15
       Boomerang         |       |       |     2 |    10 |    24 ||    36
 Cast: Foxfire           |     5 |    29 |     6 |   126 |   228 ||   394
       Poisonous Vapours |       |       |    10 |   159 |   165 ||   334
       Conjure Flame     |       |       |       |     9 |    14 ||    23
       Necrotise         |       |       |       |    34 |    42 ||    76
       Blink             |       |       |       |     3 |     1 ||     4
Invok: Minor Destruction |       |       |       |     5 |    15 ||    20
       Lesser Servant of |       |       |       |     5 |     7 ||    12
       Major Destruction |       |       |       |       |     3 ||     3
       Greater Servant o |       |       |       |       |     1 ||     1
Evoke: Wand              |       |       |       |     8 |     9 ||    17
  Use: Scroll            |     4 |     6 |    11 |     9 |    14 ||    44
       Potion            |       |     2 |       |     9 |     8 ||    19
 Stab: Sleeping          |    16 |     5 |     7 |    16 |    11 ||    55
       Distracted        |       |       |     3 |     6 |     6 ||    15
       Invisible         |       |       |       |       |     3 ||     3
Armor: Robe              |    15 |    18 |    17 |    15 |    35 ||   100
       Steam dragon scal |       |       |     6 |    18 |     1 ||    25
       Troll leather arm |       |       |       |       |     3 ||     3
Dodge: Dodged            |    61 |    97 |   125 |   267 |   303 ||   853
Block: Buckler           |    19 |    38 |    38 |    41 |   359 ||   495
       Other             |       |       |    10 |    42 |       ||    52
       Reflection        |       |       |     1 |     3 |     8 ||    12
